 Dungeon Crawl Stone Soup version 0.29.0-13-gc9e81de378 (webtiles) character file.

Game seed: 12294707948205160650

698 Doot the Magician (level 7, -2/39 (41) HPs)
             Began as an Octopode Hedge Wizard on Sept 10, 2022.
             Slain by an ice beast (14 damage)
             ... on level 5 of the Dungeon.
             The game lasted 00:05:00 (2967 turns).

Doot the Magician (Octopode Hedge Wizard)           Turns: 2967, Time: 00:05:00

HP:   -2/39 (41)    AC:  1    Str: 16    XL:     7   Next: 65%
MP:   10/15         EV: 13    Int: 18    God:
Gold: 97            SH:  0    Dex: 11    Spells: 4/17 levels left

rFire   . . .      SeeInvis .   p - +0 scimitar
rCold   . . .      Faith    .   (no shield)
rNeg    . . .      Spirit   .   b - +0 hat
rPois   .          Reflect  .   (no amulet)
rElec   .          Harm     .   g - +6 ring of strength
rCorr   .          Rampage  .   (no ring)
Will    .....                   (no ring)
Stlth   +++.......              (no ring)
HPRegen 0.13/turn               (no ring)
MPRegen 0.14/turn               (no ring)
                                (no ring)
                                (no ring)

@: lightly drained
A: almost no armour, amphibious, 8 rings, camouflage 1, gelatinous body 1,
(nimble swimmer 1), tentacles
a: no special abilities


You were on level 5 of the Dungeon.
You visited 1 branch of the dungeon, and saw 5 of its levels.

You collected 97 gold pieces.

Inventory:

Hand Weapons
 a - a +0 dagger
 p - a +0 scimitar (weapon)
Armour
 b - a +0 hat (worn)
Jewellery
 g - a +6 ring of strength (left tentacle)
Scrolls
 d - a scroll of silence {unknown}
 e - a scroll of immolation {unknown}
 h - a scroll of blinking {unknown}
 i - 2 scrolls of identify {unknown}
 k - 2 scrolls of teleportation {unknown}
 l - a scroll of enchant weapon {unknown}
 n - a scroll of amnesia {unknown}
Potions
 c - a potion of magic
 f - a potion of flight {unknown}
 m - a potion of brilliance {unknown}
 o - a potion of mutation {unknown}
Miscellaneous
 j - a piece from Xom's chessboard (15/15)


   Skills:
 + Level 0.3 Fighting
 + Level 0.8 Long Blades
 + Level 3.3 Dodging
 + Level 4.2 Stealth
 + Level 5.8 Spellcasting
 * Level 4.3 Conjurations
 + Level 1.6 Summonings
 + Level 1.0 Translocations


You had 4 spell levels left.
You knew the following spells:

 Your Spells              Type           Power      Damage    Failure   Level
a - Magic Dart            Conj           80%        1d7       1%          1
b - Searing Ray           Conj           40%        2d5       3%          2
c - Blink                 Tloc           16%        N/A       12%         2
d - Call Imp              Summ           11%        N/A       10%         2
e - Conjure Flame         Conj/Fire      13%        6-21      16%         3
f - Mephitic Cloud        Conj/Pois/Air  10%        N/A       21%         3

Your spell library contained the following spells:

 Spells                   Type           Power      Damage    Failure   Level
 Slow                     Hex            20%        N/A       12%         1
 Dazzling Flash           Conj/Hex       26%        N/A       16%         3
 Iskenderun's Mystic Bla  Conj/Tloc      14%        2d5       38%         4
 Fulminant Prism          Conj/Hex       6%         3d7       45%         4
 Starburst                Conj/Fire      6%         6d4       100%        6


Dungeon Overview and Level Annotations

Branches:
Dungeon (5/15)
 Temple: D:4-7

Altars:
Xom
The Shining One


Innate Abilities, Weirdness & Mutations

You cannot wear most types of armour.
You are amphibious.
You can wear up to eight rings at the same time.
Your skin changes colour to match your surroundings (Stealth+).
Your rubbery body absorbs attacks. (AC +1, EV +1)
((You are camouflaged when in or above water. (Stealth+)))
You have tentacles for arms and can constrict up to eight enemies at once.


Message History

Unknown command.
Casting: Searing Ray (safe; 3% risk of failure)
Confirm with . or Enter, or press ? or * to list all spells.
Aiming: Searing Ray (safe; 3% risk of failure)
Press: ? - help, Shift-Dir - straight line, f/p - necrophage
Aim: a necrophage (heavily damaged, 78% to hit)
The searing ray misses the necrophage. (Press . to maintain the ray.)
The necrophage hits you!
You feel drained.
Unknown command.
Unknown command.
The searing ray hits the necrophage.
The necrophage is severely damaged.
The necrophage hits you.
The searing ray misses the necrophage.
The necrophage hits you.
* * * LOW HITPOINT WARNING * * *
You feel drained.
* * * LOW HITPOINT WARNING * * *
The searing ray hits the necrophage!
You destroy the necrophage!
You finish channelling your searing ray.
Unknown command.
You start resting.
An ice beast is nearby!
An ice beast is nearby!
Things that are here:
a +0 dagger; a +0 robe You start resting.
An ice beast is nearby!
You see here a +0 morningstar.
You start resting.
An ice beast is nearby!
Things that are here:
a +0 dagger; a +0 robe You see here a necrophage corpse.
Found a blackened iron wand.
The ice beast attacks as you move away! The ice beast barely misses you.
The ice beast attacks as you move away! The ice beast hits you.
The ice beast freezes you!
You die...

#. .. ##.######.# #
..........#.#
........#.#.
...........
#......#.# #
#......#.#.#
#......Y.#.###.. ..
##....@#.........
#...
#.....#.#.#.##.##n...
###.###†# ./ .......
#. #.# .# ...... .
#.# .#.#.... ##
#)#####...#
#..)....)# #.#
#######..# #.# #####
#..##


You could see an ice beast.

Vanquished Creatures
  Grinder (D:4)
  A centaur (D:4)
  A phantom (D:4)
  A necrophage (D:5)
  2 hounds
  An orc priest (D:5)
  An orc wizard (D:5)
  Natasha (D:4)
  7 adders
  2 worms
  A dart slug (D:1)
  4 orcs
  3 ball pythons (D:4)
  2 endoplasms
  4 goblins
  3 hobgoblins
  A quokka (D:4)
  2 frilled lizards (D:3)
  4 kobolds
  A rat (D:3)
43 creatures vanquished.

Vanquished Creatures (collateral kills)
  2 orc wizards (D:3)
2 creatures vanquished.

Grand Total: 45 creatures vanquished

Notes
Turn   | Place    | Note
-------+----------+-------------------------------------------
     0 | D:1      | Doot the Octopode Hedge Wizard began the quest for the Orb.
     0 | D:1      | Reached XP level 1. HP: 11/11 MP: 4/4
   343 | D:1      | Reached XP level 2. HP: 17/17 MP: 0/6
   412 | D:2      | Learned a level 2 spell: Searing Ray
   415 | D:2      | Learned a level 2 spell: Blink
   418 | D:2      | Learned a level 2 spell: Call Imp
   495 | D:2      | Reached XP level 3. HP: 18/21 MP: 1/8
   619 | D:3      | Reached skill level 4 in Spellcasting
   636 | D:3      | Reached XP level 4. HP: 27/27 MP: 2/10
   743 | D:3      | Found a shimmering altar of Xom.
   824 | D:3      | Found a glowing golden altar of the Shining One.
  1001 | D:3      | Reached XP level 5. HP: 30/31 MP: 0/11
  1237 | D:4      | Noticed a phantom
  1245 | D:4      | Killed a phantom
  1341 | D:4      | Learned a level 3 spell: Conjure Flame
  1345 | D:4      | Learned a level 3 spell: Mephitic Cloud
  1726 | D:4      | Reached XP level 6. HP: 36/36 MP: 7/13
  1928 | D:4      | Noticed Natasha
  1933 | D:4      | Killed Natasha
  1934 | D:4      | Reached skill level 5 in Spellcasting
  1964 | D:4      | Noticed Grinder
  2053 | D:4      | Killed Grinder
  2054 | D:4      | Reached XP level 7. HP: 33/41 MP: 3/15
  2254 | D:5      | Entered Level 5 of the Dungeon
  2967 | D:5      | Slain by an ice beast

Illustrated notes

Levels and vault maps discovered:
D:1:      evilmike_arrival_fibonacci_small, layout_rooms,
          ebering_ecumenical_altar_hall, hangedman_abyss_or_decor_stabs,
          minmay_cupped
D:2:      cheibrodos_fertilizer, layout_basic
D:3:      layout_loops_ring, mainiacjoe_overflow_catch_the_wave,
          xom_butterflies, serial_glass, glass_columns_b, glass_columns_a,
          patterned_corridor
D:4:      layout_loops_cross, uniq_natasha, uniq_grinder
D:5:      black_bear_nest_2, layout_loops_ring, nicolae_elevator_lobby_asterisk

Skill      XL: |  1  2  3  4  5  6  7 |
---------------+----------------------+-----
Spellcasting   | 4 5 |  5.8
Stealth        | 3 4 |  4.2
Conjurations   | 2 3 4 |  4.3
Dodging        | 3 |  3.3
Fighting       | |  0.3
Long Blades    | |  0.8
Summonings     | |  1.6
Translocations | |  1.0

Action                   |  1- 3 |  4- 6 |  7- 9 || total
-------------------------+-------+-------+-------++-------
Melee: Dagger            |     6 |       |     1 ||     7
       Constrict         |     3 |     1 |       ||     4
       Tentacles         |     2 |     1 |       ||     3
       Scimitar          |       |     3 |       ||     3
 Cast: Magic Dart        |    15 |    24 |     3 ||    42
       Searing Ray       |     3 |    14 |     6 ||    23
       Call Imp          |     1 |     3 |       ||     4
       Conjure Flame     |       |     1 |       ||     1
       Mephitic Cloud    |       |       |     1 ||     1
Evoke: Piece from Xom's  |       |     1 |       ||     1
 Stab: Sleeping          |       |     1 |     1 ||     2
Armor: Skin              |       |     3 |     2 ||     5
Dodge: Dodged            |     5 |    15 |     9 ||    29
